 Dungeon Sprint DCSS version 0.29.1-14-g9c671dbff4 (webtiles) character file.

Game seed: 18076418327655935109

2000000 Groucho the Sorcerer (level 16, -13/131 HPs)
             Began as a Djinni Warper on Feb 18, 2023.
             Was an Elder of Makhleb.
             Mangled by a meat berserker
             ... wielding a +9 battleaxe
              (65 damage)
             ... in the Dungeon (Sprint VIII: "Arena of Blood").
             The game lasted 00:00:55 (20 turns).

Groucho the Sorcerer (Djinni Warper)                  Turns: 20, Time: 00:00:55

Health: -13/131    AC:  3    Str: 10    XL:     16   Next: 63%
Gold:   0          EV: 24    Int: 16    God:    Makhleb [****..] SH:  0 Dex: 20

rFire   + + .      SeeInvis .   i - +∞ Axe of Woe
rCold   x . .      Faith    .   (shield currently unavailable)
rNeg    . . .      Spirit   .   b - +0 leather armour
rPois   ∞          Reflect  .   (no helmet)
rElec   .          Harm     .   (no cloak)
rCorr   .          Rampage  .   (no gloves)
Will    +....      NoTele   +   (boots unavailable)
Stlth   +.........              (no amulet)
HPRegen 0.31/turn               j - +30 ring of slaying
MPRegen 0.00/turn               (no ring)

@: flying
A: sickness immunity, fire resistance 2, cold vulnerability 1, float, innate
caster, HP casting, extra vitality 1
a: Renounce Religion, Minor Destruction, Lesser Servant of Makhleb, Major
Destruction


You were in the Dungeon.
You worshipped Makhleb.
Makhleb was greatly pleased with you.
You visited 1 branch

Inventory:

Hand Weapons
 a - a +0 hand axe
 i - the +∞ Axe of Woe (weapon)
   (You found it in the Dungeon)
Missiles
 d - 7 boomerangs of dispersal (quivered)
Armour
 b - a +0 leather armour (worn)
Jewellery
 j - a +30 ring of slaying (left hand)
 k - a +30 ring of slaying
Scrolls
 c - 2 scrolls of blinking
Potions
 e - a potion of curing
 f - a potion of heal wounds
 g - a potion of haste
 h - a potion of berserk rage


   Skills:
 + Level 17.6 Fighting
 + Level 19.5 Axes
 + Level 4.7 Throwing
 + Level 6.5 Armour
 + Level 17.4 Dodging
 + Level 26.0 Spellcasting


You had 28 spell levels left.
You knew the following spells:

 Your Spells              Type           Power      Damage    Failure   Level
a - Blink                 Tloc           100%       N/A       0%          2
b - Lesser Beckoning      Tloc           81%        N/A       0%          3
c - Gell's Gravitas       Tloc           81%        N/A       0%          3
d - Teleport Other        Tloc           81%        N/A       0%          3
e - Manifold Assault      Tloc           81%        N/A       0%          5
f - Foxfire               Conj/Fire      100%       2x1d9     0%          1
g - Static Discharge      Conj/Air       81%        3-14/arc  0%          2
h - Scorch                Fire           100%       2d10      0%          2
i - Ozocubu's Armour      Ice            81%        N/A       0%          3
j - Airstrike             Air            40%        2d(6-22)  0%          4
k - Silence               Hex/Air        40%        N/A       0%          5
l - Starburst             Conj/Fire      40%        6d12      0%          6
Your spell library was empty.

Dungeon Overview and Level Annotations

Branches:
Dungeon (1/1)

Altars:
Makhleb


Innate Abilities, Weirdness & Mutations

You are immune to sickness and miasma.
You are immune to poison.
Your flesh is very heat resistant. (rF++)
You are vulnerable to cold. (rC-)
You float through the air rather than walking.
You learn spells naturally, not from books.
Your magical power is your life essence.
You have superior vitality. (+4 MHP)


Message History

Ouch! That really hurt!
A bag of meat comes into view. It is wielding a +9 war axe.
You hear a shout! x3
Your Fighting skill increases to level 16!
Your Axes skill increases to level 18!
Your Dodging skill increases to level 16!
Your Spellcasting skill increases to level 25!
You have reached level 16!
You feel agile.
The bag of meat shouts!
You slice the meat berserker!!
You dissect the meat berserker like a pig carcass.
You kill the meat berserker!
Makhleb accepts your kill.
You can now hurl Makhleb's greater destruction.
You hear a shout! x2
The meat berserker rages.
You hear a shout! x8
A bag of meat comes into view. It is wielding a +9 war axe.
You hear a shout!
You hear two shouts!
Your Fighting skill increases to level 17!
Your Axes skill increases to level 19!
Your Dodging skill increases to level 17!
Your Spellcasting skill increases to level 26!
Unknown command.
k - a +30 ring of slaying The large bag of meat appears out of thin air!
A large bag of meat comes into view. It is wielding a +9 giant spiked club.
The large bag of meat shouts in stereo!
You hear a shout! x4
A meat berserker comes into view. It is wielding a +9 battleaxe.
You hear a shout! x4
A bag of meat comes into view. It is wielding a +9 war axe.
The meat berserker moves out of view.
You hear a shout!
Unknown command.
You hear a shout! x3
A meat berserker comes into view. It is wielding a +9 battleaxe.
You hear a shout! x4
The meat berserker hits you with a +9 battleaxe!!!
You die...

O........ #...
...# . #...
...# . ..###...
...###..
.....O###..O...
...o.._......
#.)...# #_)@._#
#)O...#
......_......
.....o###......
.o###o..
...###.. . #.o.
...# . #.o.
...# .........


You could see a large bag of meat (inner flame), 3 meat berserkers and 5 bags of
meat.

Vanquished Creatures
  3 ogres (D)
  8 orcs (D)
11 creatures vanquished.

Notes
Turn   | Place    | Note
-------+----------+-------------------------------------------
     0 | D        | Found the +∞ Axe of Woe
     0 | D        | Groucho the Djinni Warper began the quest for the Orb.
     0 | D        | Groucho set off with the following spells memorised: Blink,
                  | Lesser Beckoning, Gell's Gravitas, Teleport Other, Manifold
                  | Assault.
     0 | D        | Reached XP level 1. HP: 18/18 MP: 0/0
     1 | D        | Noticed a bag of meat
     2 | D        | Noticed a bag of meat
     2 | D        | Noticed a bag of meat
     3 | D        | Noticed a bag of meat
     4 | D        | Noticed a meat berserker
     4 | D        | Noticed a bag of meat
     7 | D        | Noticed a bag of meat
     8 | D        | Became a worshipper of Makhleb the Destroyer
     9 | D        | Killed a bag of meat
     9 | D        | Noticed a bag of meat
     9 | D        | Noticed a bag of meat
    10 | D        | Reached skill level 10 in Dodging
    10 | D        | Reached skill level 15 in Spellcasting
    10 | D        | Reached XP level 2. HP: 34/34 MP: 0/0
    10 | D        | Reached XP level 3. HP: 39/39 MP: 0/0
    10 | D        | Learned a level 1 spell: Foxfire
    10 | D        | Reached XP level 4. HP: 45/45 MP: 0/0
    10 | D        | Reached XP level 5. HP: 50/50 MP: 0/0
    10 | D        | Learned a level 2 spell: Static Discharge
    10 | D        | Reached XP level 6. HP: 56/56 MP: 0/0
    10 | D        | Reached XP level 7. HP: 61/61 MP: 0/0
    10 | D        | Learned a level 2 spell: Scorch
    10 | D        | Reached XP level 8. HP: 67/67 MP: 0/0
    10 | D        | Reached XP level 9. HP: 72/72 MP: 0/0
    10 | D        | Learned a level 3 spell: Ozocubu's Armour
    10 | D        | Reached XP level 10. HP: 78/78 MP: 0/0
    10 | D        | Reached XP level 11. HP: 84/84 MP: 0/0
    10 | D        | Learned a level 4 spell: Airstrike
    10 | D        | Killed a bag of meat
    10 | D        | Reached * piety under Makhleb
    11 | D        | Reached skill level 10 in Fighting
    11 | D        | Reached skill level 10 in Axes
    11 | D        | Reached skill level 18 in Spellcasting
    11 | D        | Reached XP level 12. HP: 32/92 MP: 0/0
    11 | D        | Killed a bag of meat
    11 | D        | Killed a bag of meat
    11 | D        | Killed a meat berserker
    11 | D        | Reached ** piety under Makhleb
    12 | D        | Reached skill level 5 in Armour
    12 | D        | Reached skill level 21 in Spellcasting
    12 | D        | Reached XP level 13. HP: 41/104 MP: 0/0
    12 | D        | Learned a level 5 spell: Silence
    12 | D        | Reached XP level 14. HP: 44/111 MP: 0/0
    12 | D        | Killed a bag of meat
    12 | D        | Killed a bag of meat
    12 | D        | Noticed a meat berserker
    13 | D        | Reached skill level 15 in Axes
    13 | D        | Reached skill level 15 in Dodging
    13 | D        | Reached skill level 23 in Spellcasting
    13 | D        | Reached XP level 15. HP: 78/118 MP: 0/0
    13 | D        | Learned a level 6 spell: Starburst
    13 | D        | Noticed a meat berserker
    13 | D        | Reached *** piety under Makhleb
    14 | D        | Reached skill level 15 in Fighting
    15 | D        | Reached skill level 24 in Spellcasting
    15 | D        | Noticed a meat berserker
    17 | D        | Killed a meat berserker
    18 | D        | Reached skill level 25 in Spellcasting
    18 | D        | Reached XP level 16. HP: 50/130 MP: 0/0
    18 | D        | Killed a meat berserker
    18 | D        | Reached **** piety under Makhleb
    19 | D        | Reached skill level 26 in Spellcasting
    19 | D        | Noticed a large bag of meat
    19 | D        | Noticed a meat berserker
    20 | D        | Noticed a meat berserker
    20 | D        | Mangled by a meat berserker

Illustrated notes

Levels and vault maps discovered:
D:        meatsprint

Skill      XL: |  1  2  3  4  5  6  7  8  9 10 11 12 13 14 15 16 |
---------------+-------------------------------------------------+-----
Fighting       | 9 10 13 14 16 17 | 17.6
Axes           | 8 10 14 15 18 19 | 19.5
Throwing       | 3 4 |  4.7
Armour         | 2 3 5 6 |  6.5
Dodging        | 10 11 14 15 16 17 | 17.4
Spellcasting   | 15 18 21 23 25 26 | 26.0

Action                   |  1- 3 |  4- 6 |  7- 9 | 10-12 | 13-15 | 16-18 || total
-------------------------+-------+-------+-------+-------+-------+-------++-------
Melee: Executioner's axe |     1 |       |       |     2 |     4 |     1 ||     8
